 Dungeon Crawl Stone Soup version 0.14-a0-1721-g84c87b2 (webtiles) character file.

131 Piginabag the Magician (level 4, 0/30 HPs)
             Began as a Mummy Wizard on Jan 2, 2014.
             Slain by an adder (4 damage)
             ... on Level 3 of the Dungeon.
             The game lasted 00:08:35 (4211 turns).

Piginabag the Magician (Mummy Wizard)               Turns: 4211, Time: 00:08:35

HP   0/30        AC  2     Str 10      XL: 4   Next:  5%
MP   2/11        EV 12     Int 18      God:
Gold 60          SH  0     Dex 10      Spells:  4 memorised,  2 levels left

rFire  x . .     SeeInvis .     (no weapon)
rCold  + . .     Clarity  .     a - +0 robe
rNeg   + + +     Conserve .     (no shield)
rPois  +         rCorr    .     b - +0 wizard hat
rElec  .         rRot     +     (no cloak)
SustAb . .       Spirit   .     (no gloves)
rMut   .         Warding  .     (no boots)
Saprov . . .     Stasis   .     (no amulet)
                                (no ring)
                                (no ring)

@: very slightly contaminated, slightly resistant to hostile enchantments,
unstealthy
A: no food or potions, fire vulnerability, restore body, cold resistance 1, life
protection 3, poison resistance, torment resistance, unbreathing
a: no special abilities


You were on level 3 of the Dungeon.
You were not hungry.

You visited 1 branch of the dungeon, and saw 3 of its levels.

You collected 60 gold pieces.

Inventory:

Armour
 a - a +0 robe (worn)
 b - a +0 wizard hat (worn)
Magical devices
 j - a wand of teleportation (0)
 k - a wand of magic darts (9)
Scrolls
 d - a scroll of immolation {unknown}
 e - 5 scrolls of identify {unknown}
 f - a scroll of amnesia {unknown}
 g - 3 scrolls of remove curse {unknown}
 h - a scroll of noise {unknown}
 i - a scroll of fear {unknown}
 l - a scroll of magic mapping {unknown}
Books
 c - a book of Minor Magic

   Spells                             Type                      Level
   *Magic Dart                        Conjuration                  1
   *Blink                             Translocation                2
   Call Imp                           Summoning                    2
   Repel Missiles                     Charms/Air                   2
   Slow                               Hexes                        2
   *Conjure Flame                     Conjuration/Fire             3
   *Mephitic Cloud                    Conjuration/Poison/Air       3


   Skills:
 + Level 0.2 Fighting
 + Level 2.0 Dodging
 + Level 1.7 Stealth
 + Level 4.0 Spellcasting
 + Level 1.3 Conjurations
   Level 0.7 Summonings
 + Level 0.7 Translocations


You had 2 spell levels left.
You knew the following spells:

 Your Spells              Type           Power        Failure   Level  Hunger
a - Magic Dart            Conj           #...         12%         1    N/A
b - Blink                 Tloc           N/A          17%         2    N/A
c - Conjure Flame         Conj/Fire      #.......     34%         3    N/A
d - Mephitic Cloud        Conj/Pois/Air  #.......     43%         3    N/A

Dungeon Overview and Level Annotations

Branches:
Dungeon (3/16)

Altars:

Annotations:
D:3 Ijyb


Innate Abilities, Weirdness & Mutations

You do not eat or drink.
Your flesh is vulnerable to fire.
Your flesh is cold resistant.
You are immune to negative energy.
Your system is resistant to poisons.
You are immune to unholy pain and torment.
You can survive without breathing.


Message History

Confirm with . or Enter, or press ? or * to list all spells.
Aiming: Mephitic Cloud
Press: ? - help, Shift-Dir - straight line, f - goblin
Aim: a goblin, wielding a dagger The beam explodes into a vile cloud!
The stinking cloud engulfs the goblin.
The stinking cloud engulfs the giant mite.
The stinking cloud engulfs the adder.
The stinking cloud engulfs the ogre.
The stinking cloud engulfs you! The adder barely misses you.
The goblin is engulfed in noxious fumes.
The goblin appears confused.
The goblin hits you but does no damage.
The ogre is engulfed in noxious fumes.
The ogre appears confused.
The goblin is engulfed in noxious fumes.
The goblin appears confused.
The goblin barely misses the ogre.
The giant mite is engulfed in noxious fumes.
The giant mite appears confused.
The adder closely misses you.
The ogre is engulfed in noxious fumes.
The ogre appears confused.
The goblin is engulfed in noxious fumes.
The ogre hits the adder with a giant spiked club!
The adder bites you.
You die...

##### .......#
######### ........#
#.......#####
#........#
#.......##...
#...%....#
#.......'..##
#...[....####.......#
+........#..'.......#
#........#(##.......#
#...§..S@'.###'######
#..sg.§O.### #.#
##+####### #.# #.#
#.### #...# . ###.#
#.# #.# #.# #.#


You could see an ogre (confused), an adder, a giant mite (confused) and a goblin
(confused).

Vanquished Creatures
  2 adders (D:2)
  A gnoll (D:3)
  2 giant cockroaches
  10 goblins
  6 hobgoblins
  2 quokkas (D:2)
  11 bats
  A giant newt (D:1)
  A kobold (D:3)
  6 rats
42 creatures vanquished.

Notes
Turn   | Place    | Note
--------------------------------------------------------------
     0 | D:1      | Piginabag, the Mummy Wizard, began the quest for the Orb.
     0 | D:1      | Reached XP level 1. HP: 13/13 MP: 4/4
   560 | D:1      | Reached skill level 1 in Conjurations
   560 | D:1      | Reached XP level 2. HP: 10/19 MP: 0/6
  1647 | D:2      | Reached XP level 3. HP: 8/24 MP: 0/8
  1660 | D:2      | Learned a level 2 spell: Blink
  1664 | D:2      | Learned a level 3 spell: Conjure Flame
  1668 | D:2      | Learned a level 3 spell: Mephitic Cloud
  3360 | D:3      | Reached skill level 4 in Spellcasting
  3546 | D:3      | Noticed Ijyb
  3860 | D:3      | Reached XP level 4. HP: 22/30 MP: 8/11
  4205 | D:3      | Noticed an ogre
  4211 | D:3      | Slain by an adder

Action                   |  1- 3 |  4- 6 || total
-------------------------+-------+-------++-------
Melee: Unarmed           |    27 |       ||    27
 Cast: Magic Dart        |   119 |    18 ||   137
       Mephitic Cloud    |     4 |     1 ||     5
       Conjure Flame     |     1 |       ||     1
       Blink             |       |     1 ||     1
Evoke: Wand              |     2 |       ||     2
